 Dungeon Crawl Stone Soup version 0.24-a0-123-ga2403f3 (console) character file.

Game seed: 11214916842637340827

5 Duffy the Chopper (level 1, 0/19 HPs)
             Began as a Naga Gladiator on Feb 22, 2019.
             Slain by a leopard gecko (1 damage)
             ... on level 1 of the Dungeon.
             The game lasted 00:00:16 (503 turns).

Duffy the Chopper (Naga Gladiator)                   Turns: 503, Time: 00:00:17

Health: 0/19       AC:  2    Str: 16    XL:     1   Next: 80%
Magic:  1/1        EV: 10    Int:  8    God:
Gold:   36         SH:  0    Dex: 12    Spells: 0/0 levels left

rFire    . . .     SeeInvis +   a - +0 war axe
rCold    . . .     Gourm    .   (no shield)
rNeg     . . .     Faith    .   b - +0 leather armour
rPois    +         Spirit   .   c - +0 helmet
rElec    .         Reflect  .   (no cloak)
rCorr    .         Harm     .   (no gloves)
MR       .....                  (no barding)
Stlth    +.........             (no amulet)
HPRegen  0.06/turn              (no ring)
MPRegen  0.07/turn              (no ring)

@: very slow
A: large, see invisible, deformed body, poison resistance, slowness 2, slow
metabolism 1, spit poison 1, AC +0
a: Spit Poison


You were on level 1 of the Dungeon.
You were not hungry.

You visited 1 branch of the dungeon, and saw 1 of its levels.

You collected 36 gold pieces.

Inventory:

Hand Weapons
 a - a +0 war axe (weapon)
Missiles
 d - 3 throwing nets (quivered)
Armour
 b - a +0 leather armour (worn)
 c - a +0 helmet (worn)
Potions
 e - a potion of magic {unknown}
Comestibles
 f - a ration
 g - 3 chunks of flesh


   Skills:
 - Level 2.0 Fighting
 + Level 3.4 Axes
 - Level 1.7 Throwing
 - Level 2.4 Dodging


You couldn't memorise any spells.
You didn't know any spells.
Your spell library was empty.

Dungeon Overview and Level Annotations

Branches:
Dungeon (1/15)

Altars:


Innate Abilities, Weirdness & Mutations

You cannot wear boots.
Your serpentine skin is tough. (AC +0)
You have supernaturally acute eyesight. (SInv)
Armour fits poorly on your strangely shaped body.
Your system is resistant to poisons. (rPois)
You cover ground very slowly.
You have a slow metabolism.
You can spit poison.


Message History

The leopard gecko bites you.
You are too injured to fight recklessly!
You are too injured to fight recklessly!
You are too injured to fight recklessly!
You are too injured to fight recklessly!
You are too injured to fight recklessly!
You are too injured to fight recklessly!
There are monsters nearby!
You are too injured to fight recklessly!
You barely miss the leopard gecko. The leopard gecko bites you.
The leopard gecko closely misses you. The hobgoblin hits you with a +0 club.
You hit the leopard gecko.
The leopard gecko is heavily wounded.
You hit the hobgoblin but do no damage. The leopard gecko barely misses you.
The hobgoblin misses you.
You closely miss the leopard gecko.
The leopard gecko is heavily wounded.
You hit the hobgoblin. The leopard gecko closely misses you.
The hobgoblin closely misses you. The leopard gecko bites you.
You die...

.#...#..# .........# ###'##..## .
.. #.........# .#...#...####.......
#.........### .#.}.#..............
.......>..... .#.(.###.######)##.#
#.........### ###+####.# ####+##.#
#......)..# .#...#...#
#.....#.####.........#
.#...'.#..##.....#.....(###########
.#...####.##.....@......'..........
###'## .##....l#g.....###########
.#...# ..#!....#.###### .'...#
#.#.....#.# .#...# .#######.#
###### #.# ..# ..# ..#


You could see a leopard gecko and a hobgoblin.

Vanquished Creatures
  2 giant cockroaches (D:1)
  A goblin (D:1)
  A hobgoblin (D:1)
4 creatures vanquished.

Notes
Turn   | Place    | Note
-------+----------+-------------------------------------------
     0 | D:1      | Duffy the Naga Gladiator began the quest for the Orb.
     0 | D:1      | Reached XP level 1. HP: 19/19 MP: 1/1
   503 | D:1      | Slain by a leopard gecko

Levels and vault maps discovered:
D:1:      co_arrival_random_square_maze, layout_basic

Action                   || total
-------------------------++-------
Melee: War axe           ||    20
Armor: Leather armour    ||     1
Dodge: Dodged            ||    17

Table legend:
 A = Non-vault XP
 B = Vault XP
 C = Vault XP percentage of total XP
 D = Non-vault monster count
 E = Vault monster count
 F = Vault count percentage of total count
                 A         B        C        D         E       F
            +---------+---------+-------+---------+---------+-------
      Total |       8 |       0 |   0.0 |       4 |       0 |   0.0
            +---------+---------+-------+---------+---------+-------
        D:1 |       8 |       0 |   0.0 |       4 |       0 |   0.0
            +---------+---------+-------+---------+---------+-------
